 Dungeon Crawl Stone Soup version 0.29-a0-356-g7bc237e783 (webtiles) character file.

Game seed: 2291954920470696612

2051 croobank the Sneak (level 9, -8/57 HPs)
             Began as an Octopode Fire Elementalist on Apr 26, 2022.
             Was a Follower of Sif Muna.
             Killed from afar by a steam dragon (20 damage)
             ... with a ball of steam
             ... on level 7 of the Dungeon.
             The game lasted 00:31:52 (8722 turns).

croobank the Sneak (Octopode Fire Elementalist)     Turns: 8722, Time: 00:32:15

Health: -8/57      AC:  1    Str:  8    XL:     9   Next: 25%
Magic:  14/16      EV: 14    Int: 21    God:    Sif Muna [*.....]
Gold:   477        SH:  0    Dex: 12    Spells: 2/17 levels left

rFire   . . .      SeeInvis .   a - +6 trident (flame)
rCold   . . .      Faith    .   (no shield)
rNeg    . . .      Spirit   .   (helmet restricted)
rPois   .          Reflect  .   (no amulet)
rElec   .          Harm     .   l - ring of willpower
rCorr   .          Rampage  .   w - ring of wizardry
Will    +....                   (no ring)
Stlth   ++++......              (no ring)
HPRegen 0.19/turn               (no ring)
MPRegen 0.15/turn               (no ring)
                                (no ring)
                                (no ring)

@: no status effects
A: almost no armour, amphibious, 8 rings, camouflage 1, gelatinous body 1,
(nimble swimmer 1), tentacles
a: Renounce Religion, Channel Magic


You were on level 7 of the Dungeon.
You worshipped Sif Muna.
Sif Muna was aware of your devotion.
You visited 1 branch of the dungeon, and saw 7 of its levels.
You also visited: Sewer.

You collected 477 gold pieces.

Inventory:

Hand Weapons
 a - a +6 trident of flaming (weapon)
 b - a +0 hunting sling
 g - a +0 whip
 j - a +2 dagger of flaming
 o - a +0 arbalest
 v - a +0 hunting sling
 x - a +2 spear of venom
 y - a +0 battleaxe
 D - a +0 broad axe
Missiles
 d - 127 stones
 e - 34 poisoned darts
 k - 3 boomerangs
 q - 3 atropa-tipped darts (quivered)
 E - 2 throwing nets
 F - 5 javelins
Jewellery
 l - a ring of willpower (left tentacle)
 w - a ring of wizardry (right tentacle)
Wands
 A - a wand of iceblast (2)
Scrolls
 f - 2 scrolls of teleportation
 h - a scroll of noise
 u - a scroll of immolation
Potions
 c - a potion of lignification
 i - 3 potions of haste {unknown}
 m - 4 potions of heal wounds
 n - a potion of curing
 p - 2 potions of brilliance {unknown}
 r - 3 potions of mutation {unknown}
 s - a potion of resistance {unknown}
 t - a potion of ambrosia {unknown}
 z - a potion of degeneration {unknown}
 B - 3 potions of berserk rage {unknown}
 C - 3 potions of flight {unknown}


   Skills:
 + Level 3.5 Fighting
 + Level 5.0 Dodging
 + Level 7.2 Stealth
 + Level 4.7 Spellcasting
 + Level 4.6 Conjurations
 + Level 5.6 Fire Magic
 + Level 3.3 Ice Magic


You had 2 spell levels left.
You knew the following spells:

 Your Spells              Type           Power      Damage    Failure   Level
a - Foxfire               Conj/Fire      100%       2x1d9     1%          1
b - Scorch                Fire           56%        2d7       1%          2
c - Flame Wave            Conj/Fire      26%        2d7       5%          4
d - Freeze                Ice            76%        1d9       1%          1
e - Mephitic Cloud        Conj/Pois/Air  11%        N/A       8%          3
f - Searing Ray           Conj           48%        2d6       1%          2
g - Poisonous Vapours     Pois/Air       10%        N/A       7%          2

Your spell library contained the following spells:

 Spells                   Type           Power      Damage    Failure   Level
 Magic Dart               Conj           96%        1d7       1%          1
 Corpse Rot               Necr/Air       10%        N/A       7%          2
 Conjure Flame            Conj/Fire      26%        6-21      1%          3
 Frozen Ramparts          Ice            38%        1d5       3%          3
 Inner Flame              Hex/Fire       16%        N/A       4%          3
 Ignite Poison            Fire/Tmut/Pois 12%        N/A       6%          3
 Hailstorm                Conj/Ice       21%        3d6       9%          4
 Call Canine Familiar     Summ           5%         N/A       13%         3
 Portal Projectile        Hex/Tloc       10%        N/A       13%         3
 Fulminant Prism          Conj/Hex       7%         3d7       16%         4
 Cause Fear               Hex            2%         N/A       38%         4
 Leda's Liquefaction      Hex/Erth       2%         N/A       38%         4
 Freezing Cloud           Conj/Ice/Air   8%         6-21      38%         5
 Summon Cactus Giant      Summ           2%         N/A       99%         6
 Discord                  Hex            2%         N/A       100%        8


Dungeon Overview and Level Annotations

Branches:
Dungeon (7/15)             Temple (0/1) D:5           Sewer (visited)

Altars:
Ashenzari
Hepliaklqana
Sif Muna
Trog
Zin


Innate Abilities, Weirdness & Mutations

You cannot wear most types of armour.
You are amphibious.
You can wear up to eight rings at the same time.
Your skin changes colour to match your surroundings (Stealth+).
Your rubbery body absorbs attacks. (AC +1, EV +1)
((You are camouflaged when in or above water. (Stealth+)))
You have tentacles for arms and can constrict up to eight enemies at once.


Message History

Confirm with . or Enter, or press ? or * to list all spells.
You conjure some foxfire!
The steam dragon hisses angrily.
The foxfire hits the steam dragon but does no damage.
The foxfire hits the steam dragon but does no damage.
You reach to attack!
You hit the steam dragon. You burn the steam dragon.
The steam dragon is moderately wounded.
You closely miss the steam dragon. You squeeze the steam dragon.
The steam dragon is moderately wounded.
The steam dragon breathes steam at you. The ball of steam hits you!
You closely miss the steam dragon.
The steam dragon is moderately wounded.
The steam dragon bites you. The steam dragon closely misses you.
You hit the steam dragon. You burn the steam dragon.
Your squeeze misses the steam dragon.
The steam dragon is heavily wounded.
The steam dragon breathes steam at you. The ball of steam misses you.
The steam dragon closely misses you. The steam dragon claws you.
Found a stone staircase leading up.
The steam dragon bites you! The steam dragon claws you.
You are too injured to fight recklessly!
You are too injured to fight recklessly!
You are too injured to fight recklessly!
You hit the steam dragon. You burn the steam dragon.
The steam dragon is severely wounded.
The steam dragon bites you!
* * * LOW HITPOINT WARNING * * *
The steam dragon claws you.
* * * LOW HITPOINT WARNING * * *
The steam dragon barely misses you. The steam dragon closely misses you.
Casting: Foxfire (safe; 1% risk of failure)
Confirm with . or Enter, or press ? or * to list all spells.
Flames lash the steam dragon.
The steam dragon is severely wounded.
The steam dragon's fire resistance burns away.
The steam dragon breathes steam at you. The ball of steam hits you!!
You die...

##$$$## #. ######
###$### .#..... #.###.#
...... #.._..# .....
#.....# #... #####'###
#.. #.##..#.# #.#####.#
#.###.#.# #<.....@#####
#<###.#.#
#.####D§....####.......#
#§#.......#####.###
#.####.#.##.##.# #.#
#...........##.#####.#
######.#.#...........#
#......##.#######
#########.# ..#


You could see a steam dragon (catching breath, combustible).

Vanquished Creatures
  Maggie (D:6)
  Grinder (D:4)
  Sigmund (D:3)
  4 kobold brigands (Sewer)
  A phantom (D:5)
  Blork the orc (D:4)
  A necrophage (D:6)
  4 scorpions
  A bullfrog (D:6)
  A howler monkey (D:6)
  3 jellies (D:2)
  An orc priest (D:6)
  A hound (D:6)
  3 iguanas
  2 orc wizards (D:6)
  Robin (D:4)
  13 adders
  3 gnolls (D:4)
  A river rat (D:5)
  7 worms
  2 dart slugs
  9 orcs
  3 bats
  20 endoplasms
  5 giant cockroaches
  4 hobgoblins
  9 jackals
  2 quokkas
  7 ball pythons
  3 frilled lizards
  11 goblins
  13 kobolds
  10 rats
149 creatures vanquished.

Vanquished Creatures (others)
  155 foxfires
  10 fungi (D:2)
  A plant (D:5)
  7 toadstools (D:2)
173 creatures vanquished.

Grand Total: 322 creatures vanquished

Notes
Turn   | Place    | Note
-------+----------+-------------------------------------------
     0 | D:1      | croobank the Octopode Fire Elementalist began the quest for
                  | the Orb.
     0 | D:1      | Reached XP level 1. HP: 11/11 MP: 3/3
    35 | D:1      | Found a faded altar of an unknown god.
   417 | D:1      | Reached XP level 2. HP: 17/17 MP: 3/5
   420 | D:1      | Learned a level 2 spell: Scorch
   458 | D:1      | Reached skill level 3 in Stealth
  1176 | D:2      | Reached XP level 3. HP: 18/21 MP: 1/6
  1435 | D:2      | You fall into a shaft and drop 1 floor!
  2327 | D:2      | Reached XP level 4. HP: 27/27 MP: 3/7
  2333 | D:2      | Learned a level 4 spell: Flame Wave
  2350 | D:2      | Reached XP level 5. HP: 31/31 MP: 1/9
  2358 | D:2      | Reached skill level 4 in Stealth
  2955 | D:3      | Reached XP level 6. HP: 29/36 MP: 3/10
  3546 | D:4      | Noticed Sigmund
  3552 | D:3      | Killed Sigmund
  3553 | D:3      | Reached skill level 1 in Fighting
  3553 | D:3      | Reached skill level 5 in Stealth
  3617 | D:3      | Learned a level 1 spell: Freeze
  3621 | D:3      | Learned a level 3 spell: Mephitic Cloud
  3628 | D:4      | Reached XP level 7. HP: 14/43 MP: 3/12
  4329 | D:4      | Noticed Robin
  4337 | D:4      | Killed Robin
  4569 | D:4      | Found a bloodstained altar of Trog.
  4730 | D:4      | Learned a level 2 spell: Searing Ray
  5029 | D:4      | Reached skill level 1 in Ice Magic
  5164 | D:4      | Noticed Grinder
  5174 | D:4      | Killed Grinder
  5293 | D:4      | Noticed Blork the orc
  5305 | D:4      | Killed Blork the orc
  5306 | D:4      | Reached XP level 8. HP: 33/50 MP: 4/13
  5408 | D:4      | Found a shimmering blue altar of Sif Muna.
  5416 | D:4      | Became a worshipper of Sif Muna the Loreminder
  5455 | D:5      | Entered Level 5 of the Dungeon
  5471 | D:5      | Reached skill level 6 in Stealth
  5616 | D:5      | Noticed a rust devil
  6156 | D:5      | Found a glowing drain.
  6165 | Sewer    | Entered a sewer
  6256 | Sewer    | Reached skill level 5 in Fire Magic
  6401 | Sewer    | Reached * piety under Sif Muna
  6956 | D:5      | Noticed an angel
  6970 | D:5      | Found a staircase to the Ecumenical Temple.
  7010 | D:5      | Found a hazy altar of Hepliaklqana.
  7243 | D:6      | Learned a level 2 spell: Poisonous Vapours
  7729 | D:6      | Reached XP level 9. HP: 12/57 MP: 10/15
  8101 | D:6      | Reached skill level 7 in Stealth
  8175 | D:6      | Noticed Maggie
  8196 | D:6      | Killed Maggie
  8197 | D:6      | Reached skill level 5 in Dodging
  8272 | D:6      | Found a broken altar of Ashenzari.
  8682 | D:7      | Found a glowing silver altar of Zin.
  8722 | D:7      | Killed from afar by a steam dragon

Illustrated notes

Levels and vault maps discovered:
D:1:      amcnicky_arrival_choice, layout_loops_ring,
          ebering_ecumenical_altar_abandoned, hangedman_decor_clover_reticule,
          amcnicky_mini_corridor_feature
D:2:      cheibrodos_fertilizer, layout_loops_ring
D:3:      layout_basic
D:4:      layout_loops_ring, trog_book, tgw_sif, uniq_grinder, uniq_robin,
          uniq_sigmund
D:5:      layout_basic, worldfamousw_hep_ancestral_shrine, temple_garden,
          portal_sewer_entry_a
D:6:      layout_gridville, ashenzari_conservatory_becter, nrook_uturn,
          minmay_misc_feat_tiny, roderic_lattice_a, uniq_maggie
D:7:      layout_loops_cross, zin_treasury, minitemple,
          mainiacjoe_overflow_surrounded_room, uniq_prince_ribbit1

Skill      XL: |  1  2  3  4  5  6  7  8  9 |
---------------+----------------------------+-----
Stealth        | 3 4 5 6 7 |  7.2
Conjurations   | 2 3 4 |  4.6
Dodging        | 3 4 5 |  5.0
Spellcasting   | 3 4 |  4.7
Fire Magic     | 4 5 |  5.6
Fighting       | 1 2 3 |  3.5
Ice Magic      | 1 3 |  3.3

Action                   |  1- 3 |  4- 6 |  7- 9 || total
-------------------------+-------+-------+-------++-------
Melee: Whip              |    30 |    10 |       ||    40
       Constrict         |     7 |     1 |    19 ||    27
       Tentacles         |     7 |     2 |    18 ||    27
       Trident           |       |     6 |   104 ||   110
Throw: Dart              |       |       |     1 ||     1
 Cast: Foxfire           |    39 |    18 |    44 ||   101
       Scorch            |    12 |    18 |    47 ||    77
       Freeze            |       |     3 |     1 ||     4
       Searing Ray       |       |       |     5 ||     5
       Mephitic Cloud    |       |       |     2 ||     2
       Flame Wave        |       |       |     3 ||     3
       Poisonous Vapours |       |       |     1 ||     1
  Use: Scroll            |       |     8 |     7 ||    15
       Potion            |       |       |     1 ||     1
 Stab: Sleeping          |       |     2 |    17 ||    19
       Confused          |       |       |     1 ||     1
Armor: Skin              |     2 |     1 |     4 ||     7
Dodge: Dodged            |    28 |    12 |    50 ||    90

Table legend: (Time is in decaauts)
 A = Elapsed time spent in this place.
 B = Non-inter-level travel time spent in this place.
 C = Inter-level travel time spent in this place.
 D = Time resting spent in this place.
 E = Time spent auto-exploring this place.
 F = Levels seen in this place.
 G = Mean time per level.
                   A        B        C        D        E       F      G
               +--------+--------+--------+--------+--------+-----+--------+
         Total |   8757 |   8622 |    135 |   2072 |   4970 |   8 | 1094.6 |
       Dungeon |   7983 |   7848 |    135 |   2072 |   4415 |   7 | 1140.4 |
         Sewer |    774 |    774 |      0 |      0 |    555 |   1 |  774.0 |
               +--------+--------+--------+--------+--------+-----+--------+

Top non-repeatable levels by time:
     D:4: 1838 daAuts
     D:2: 1819 daAuts
     D:6: 1440 daAuts
     D:5: 1027 daAuts
     D:1: 925 daAuts
     D:3: 880 daAuts
   Sewer: 774 daAuts
     D:7: 50 daAuts
